Map: Ascension to Aiur LE

Players

Multi - Winner!

  • Race: Protoss Protoss
  • Spawn Location: 11:00

PappiJoe

  • Race: Protoss Protoss
  • Spawn Location: 5:00

Event: WCS Jonkoping 2017

VOD

Have the link to the VOD?

Description

Time

  • Played on: June 17, 2017, 7:06 a.m.
  • Length: 17:55

All games in this series

Show
View Real Time Build Order
Export as new Build Order

Multi Protoss - Winner!

Build Orders: Oracle Opening 

Get SALT Encoding   

  12  0:01  Probe (Chrono Boost)  
  13  0:11  Probe (Chrono Boost)  
  14  0:17  Pylon  
  14  0:22  Probe (Chrono Boost)  
  16  0:35  Probe (Chrono Boost)  
  16  0:36  Gateway  
  16  0:45  Assimilator  
  16  0:46  Probe (Chrono Boost)  
  17  0:51  Assimilator  
  17  0:56  Probe (Chrono Boost)  
  18  1:04  Gateway  
  18  1:07  Probe (Chrono Boost)  
  19  1:18  Probe (Chrono Boost)  
  20  1:23  Cybernetics Core  
  20  1:28  Probe (Chrono Boost)  
  21  1:33  Pylon  
  21  1:39  Probe (Chrono Boost)  
  22  1:49  Probe (Chrono Boost)  
  23  2:00  Warp Gate (Chrono Boost), Adept (Chrono Boost)  
  27  2:02  Adept (Chrono Boost)  
  27  2:03  Mothership Core  
  29  2:10  Pylon  
  29  2:25  Stalker (Chrono Boost)  
  29  2:28  Stalker (Chrono Boost)  
  33  2:53  Stargate  
  33  3:11  Probe (Chrono Boost)  
  34  3:17  Nexus  
  34  3:22  Probe (Chrono Boost)  
  34  3:23  Pylon  
  34  3:33  Probe (Chrono Boost)  
  34  3:36  Oracle (Chrono Boost)  
  37  3:42  Robotics Facility  
  37  3:44  Probe  
  38  3:54  Pylon  
  38  3:56  Probe  
  39  4:12  Probe (Chrono Boost)  
  40  4:19  Twilight Council  
  40  4:23  Probe (Chrono Boost)  
  41  4:29  Immortal  
  46  4:31  Probe (Chrono Boost)  
  46  4:33  Probe (Chrono Boost)  
  47  4:42  Probe (Chrono Boost)  
  47  4:45  Probe (Chrono Boost), Sentry x2  
  47  4:48  Pylon  
  47  4:52  Probe (Chrono Boost)  
  50  4:55  Probe (Chrono Boost)  
  51  5:01  Assimilator  
  51  5:03  Probe (Chrono Boost)  
  51  5:06  Probe (Chrono Boost)  
  53  5:12  Probe (Chrono Boost), Immortal (Chrono Boost)  
  58  5:21  Probe  
  59  5:22  Probe  
  60  5:33  Probe x2  
  62  5:43  Nexus  
  62  5:45  Probe  
  62  5:46  Probe, Robotics Bay  
  64  5:51  Sentry  
  66  5:57  Probe  
  66  6:00  Assimilator  
  66  6:01  Pylon  
  66  6:04  Probe  
  67  6:08  Pylon  
  67  6:09  Probe  
  69  6:12  Gateway  
  69  6:15  Gateway  
  69  6:22  Probe  
  69  6:23  Gateway  
  70  6:27  Gateway  
  70  6:29  Disruptor (Chrono Boost)  
  70  6:37  Blink (Chrono Boost)  
  73  6:40  Probe  
  73  6:41  Probe  
  75  6:48  Pylon  
  75  6:49  Zealot  
  75  6:52  Stalker  
  75  6:53  Probe  
  80  6:56  Probe  
  80  6:58  Probe  
  80  6:59  Disruptor  
  82  7:07  Probe x2  
  86  7:11  Stalker  
  86  7:12  Stalker  
  91  7:17  Probe x2  
  91  7:19  Probe  
  94  7:23  Robotics Facility  
  94  7:30  Disruptor  
  94  7:31  Stalker x2  
  99  7:40  Probe x2  
  99  7:41  Assimilator  
  101  7:48  Gateway  
  101  7:49  Adept  
  101  7:50  Adept  
  105  7:54  Pylon  
  105  8:00  Pylon  
  105  8:01  Disruptor  
  105  8:12  Disruptor  
  111  8:14  Pylon  
  111  8:16  Adept x3  
  117  8:24  Resonating Glaives (Chrono Boost)  
  117  8:32  Disruptor  
  101  8:36  Adept  
  101  8:37  Adept x3  
  100  8:41  Stalker  
  100  8:50  Adept x2  
  95  8:57  Adept x4  
  100  9:10  Probe  
  100  9:12  Disruptor  
  100  9:13  Probe x2  
  100  9:16  Assimilator  
  103  9:22  Probe  
  107  9:24  Probe  
  107  9:26  Probe  
  107  9:27  Pylon  
  109  9:33  Fleet Beacon  
  109  9:34  Probe  
  110  9:39  Probe  
  110  9:41  Probe  
  112  9:48  Probe  
  112  9:50  Probe, Disruptor  
  114  9:55  Disruptor  
  114  9:58  Nexus  
  120  10:02  Pylon  
  120  10:14  Adept x2  
  128  10:24  Disruptor  
  126  10:35  Forge  
  129  10:37  Carrier (Chrono Boost)  
  131  10:43  Zealot  
  131  10:47  Pylon  
  133  10:50  Pylon x2  
  133  10:51  Pylon  
  133  10:55  Protoss Air Weapons Level 1 (Chrono Boost)  
  133  10:56  Pylon, Graviton Catapult  
  133  11:13  Adept x4  
  139  11:29  Probe x2, Adept x3  
  139  11:30  Probe x2  
  146  11:40  Stargate  
  146  11:42  Probe  
  146  11:46  Stargate  
  147  11:48  Probe  
  147  11:51  Photon Cannon  
  147  11:53  Carrier (Chrono Boost)  
  147  11:54  Photon Cannon  
  148  11:56  Photon Cannon  
  148  11:57  Assimilator  
  148  11:58  Observer  
  155  12:07  Photon Cannon  
  155  12:09  Photon Cannon  
  155  12:10  Photon Cannon  
  155  12:12  Observer  
  155  12:13  Photon Cannon  
  155  12:15  Photon Cannon  
  156  12:27  Disruptor  
  156  12:29  Zealot x2  
  157  12:41  Carrier x2 (Chrono Boost)  
  169  12:46  Assimilator  
  169  12:50  Stargate  
  165  12:56  Stargate  
  165  13:08  Pylon, Nexus  
  165  13:15  Carrier (Chrono Boost)  
  171  13:25  Charge  
  171  13:29  Pylon  
  167  13:34  Pylon  
  169  13:55  Carrier (Chrono Boost)  
  169  13:57  Carrier (Chrono Boost)  
  169  13:59  Carrier (Chrono Boost)  
  169  14:00  Zealot x6  
  191  14:25  Carrier (Chrono Boost)  
  195  14:38  Warp Prism  
  189  14:50  Assimilator  
  185  14:55  Photon Cannon  
  185  14:59  Protoss Air Weapons Level 2 (Chrono Boost)  
  173  15:01  Disruptor  
  169  15:08  Carrier (Chrono Boost)  
  169  15:11  Photon Cannon  
  169  15:13  Photon Cannon  
  169  15:14  Disruptor  
  178  15:30  Assimilator  
  178  15:32  Photon Cannon, Gateway  
  178  15:33  Gateway  
  178  15:34  Gateway x3  
  178  15:35  Gateway  
  178  15:37  Gateway  
  183  15:43  Gateway  
  183  15:44  Disruptor  
  183  15:47  Adept  
  183  15:48  Adept  
  186  15:50  Carrier (Chrono Boost)  
  182  16:05  Adept x3  
  182  16:06  Adept x2  
  177  16:31  Adept  
  177  16:32  Adept x4  
  187  16:33  Disruptor x2  
  197  17:42  Adept x4  
Show
View Real Time Build Order
Export as new Build Order

PappiJoe Protoss 

Build Orders: Zealot Archon 

Get SALT Encoding   

  12  0:01  Probe (Chrono Boost)  
  13  0:11  Probe (Chrono Boost)  
  14  0:20  Pylon  
  14  0:25  Probe (Chrono Boost)  
  15  0:38  Probe (Chrono Boost)  
  15  0:40  Gateway  
  16  0:46  Assimilator  
  17  0:50  Probe (Chrono Boost)  
  17  1:00  Probe (Chrono Boost)  
  18  1:04  Gateway  
  18  1:11  Probe (Chrono Boost)  
  19  1:15  Assimilator  
  19  1:21  Probe (Chrono Boost)  
  20  1:32  Probe (Chrono Boost)  
  21  1:35  Cybernetics Core  
  21  1:42  Probe (Chrono Boost)  
  21  1:45  Pylon  
  22  1:53  Probe (Chrono Boost)  
  23  2:12  Mothership Core (Chrono Boost), Warp Gate (Chrono Boost)  
  23  2:13  Adept  
  27  2:15  Pylon  
  27  2:19  Stalker  
  29  2:42  Nexus  
  29  2:44  Sentry  
  31  2:58  Pylon  
  31  3:05  Robotics Facility  
  31  3:08  Probe  
  32  3:20  Probe  
  33  3:32  Probe  
  32  3:42  Pylon  
  32  3:44  Probe  
  32  3:48  Twilight Council  
  33  3:52  Immortal (Chrono Boost)  
  33  3:53  Probe  
  38  3:56  Probe  
  39  4:05  Probe  
  40  4:10  Stalker x2  
  44  4:17  Probe  
  44  4:20  Probe  
  46  4:29  Observer (Chrono Boost)  
  46  4:30  Probe  
  46  4:31  Probe  
  48  4:34  Stalker  
  50  4:46  Probe x2  
  50  4:49  Assimilator  
  52  4:53  Immortal  
  52  4:56  Charge (Chrono Boost)  
  52  4:58  Probe  
  52  4:59  Probe  
  58  5:01  Assimilator  
  58  5:07  Pylon  
  58  5:10  Probe  
  58  5:11  Probe  
  60  5:22  Probe  
  60  5:23  Probe  
  60  5:26  Nexus  
  60  5:27  Pylon  
  61  5:34  Probe  
  61  5:35  Warp Prism  
  62  5:38  Pylon  
  62  5:42  Probe  
  65  5:54  Gateway x2  
  65  6:00  Probe x2  
  67  6:05  Gateway  
  67  6:08  Gateway  
  67  6:14  Gateway  
  67  6:24  Templar Archives  
  67  6:25  Gateway  
  67  6:29  Gateway  
  67  6:31  Pylon  
  67  6:34  Probe  
  67  6:38  Gateway  
  68  6:43  Sentry  
  70  6:50  Zealot x3  
  76  7:03  Zealot  
  78  7:11  Pylon  
  78  7:14  Zealot x2  
  78  7:15  Zealot x3  
  88  7:21  Pylon  
  88  7:22  Pylon  
  88  7:24  Colossus  
  88  7:27  High Templar x2  
  88  7:29  High Templar x2  
  96  7:34  Archon x2  
  96  7:35  High Templar x2  
  96  7:36  Zealot x2  
  104  7:39  High Templar x2  
  104  7:40  Archon  
  104  7:43  Archon  
  108  8:08  Pylon  
  108  8:13  High Templar x2  
  108  8:14  Zealot x5  
  108  8:15  Zealot x3  
  108  8:17  Archon  
  106  8:38  Zealot x4  
  106  8:39  Zealot x4  
  88  8:50  Zealot x2  
  72  9:02  Probe  
  59  9:05  High Templar x4  
  59  9:06  Zealot  
  59  9:07  Zealot  
  67  9:13  Archon  
  67  9:14  Archon  
  67  9:15  Zealot x3  
  71  9:22  Zealot  
  73  9:27  Sentry  
  75  9:32  Zealot  
  75  9:37  High Templar  
  79  9:39  High Templar  
  79  9:40  Zealot x2  
  79  9:43  Archon  
  79  9:45  Zealot x2  
  89  9:53  Zealot x2  
  89  9:58  Robotics Bay  
  93  10:04  Probe  
  93  10:05  Probe  
  93  10:06  Probe  
  96  10:15  Zealot x3  
  96  10:18  Probe  
  102  10:23  Zealot x2  
  104  10:35  High Templar x2  
  106  10:36  Zealot  
  106  10:39  Probe  
  106  10:41  Probe x2  
  113  10:42  Disruptor  
  113  10:45  Archon  
  116  10:50  Probe  
  116  10:53  Probe  
  118  10:57  Forge  
  118  10:58  Zealot  
  118  10:59  Zealot  
  122  11:10  Probe x2, Assimilator  
  124  11:14  Assimilator  
  124  11:17  Disruptor  
  124  11:25  Robotics Facility  
  119  11:48  Nexus  
  119  11:49  Disruptor (Chrono Boost)  
  119  11:51  Pylon  
  119  11:52  Protoss Ground Weapons Level 1 (Chrono Boost)  
  122  12:00  Probe  
  123  12:01  Probe x2  
  123  12:02  Pylon  
  125  12:10  Probe  
  125  12:12  Photon Cannon, Disruptor (Chrono Boost)  
  125  12:14  Photon Cannon  
  129  12:19  Probe  
  129  12:20  Probe  
  129  12:21  Probe  
  131  12:24  Disruptor (Chrono Boost)  
  135  12:31  Probe  
  135  12:32  Probe  
  134  12:44  Photon Cannon, Disruptor (Chrono Boost)  
  134  12:45  Probe x2  
  134  12:49  Pylon  
  137  12:52  Disruptor (Chrono Boost)  
  137  12:53  Pylon  
  140  13:05  Blink (Chrono Boost)  
  140  13:21  Stalker x2  
  140  13:22  Stalker x4  
  140  13:25  Zealot x4  
  158  13:32  Assimilator  
  158  13:35  Psionic Storm  
  158  13:36  Assimilator  
  158  13:37  Pylon  
  154  13:57  High Templar x7  
  168  14:03  Archon x3  
  168  14:07  High Templar  
  170  14:12  Archon  
  160  14:31  High Templar x2  
  160  14:32  High Templar  
  160  14:34  Zealot x4  
  160  14:35  Observer  
  160  14:36  Zealot x2  
  179  14:44  Observer  
  180  14:49  Zealot  
  178  15:07  High Templar  
  178  15:08  High Templar  
  178  15:12  Zealot x6  
  194  15:18  Protoss Ground Weapons Level 2 (Chrono Boost)  
  194  15:34  Zealot  
  196  15:37  Photon Cannon  
  188  15:58  Warp Prism  
  134  16:38  High Templar x7  
  144  16:47  Archon  
  144  16:51  Stalker x2  
  144  16:52  Stalker  
  146  17:13  Stalker x3  
  146  17:14  Stalker x4  
  145  17:27  Zealot  
  147  17:30  Zealot x2  
  137  17:43  Zealot  
  137  17:44  Zealot x5  
Tags
 
Add a new tag
Caveats
  • Supply blocks, unpowered buildings, or Contaminate may cause inaccurate times.
  • Supply counts are checked every 10 seconds.